 Dungeon Sprint DCSS version 0.28-a0-895-g6e5f11bd55 (webtiles) character file.

Game seed: 18138225667807894550

5304 Turgor the Severer (level 10, -2/104 HPs)
             Began as a Minotaur Berserker on Nov 22, 2021.
             Was a High Priest of Trog.
             Slain by a sixfirhy (11 damage)
             ... summoned by a kobold demonologist
             ... in the Dungeon (Sprint I: "Red Sonja").
             The game lasted 00:13:37 (1139 turns).

Turgor the Severer (Minotaur Berserker)             Turns: 1139, Time: 00:13:38

Health: -2/104     AC: 12    Str: 22    XL:     10   Next: 37%
Magic:  9/9        EV: 12    Int:  7    God:    Trog [*****.]
Gold:   1253       SH:  0    Dex: 10    Spells: 9/9 levels left

rFire   . . .      SeeInvis +   n - +1 executioner's axe (flame)
rCold   . . .      Faith    .   (shield currently unavailable)
rNeg    . . .      Spirit   .   j - +0 chain mail
rPois   .          Reflect  .   (helmet restricted)
rElec   .          Harm     .   (no cloak)
rCorr   .          Rampage  .   (no gloves)
Will    ++...      NoTele   +   (no boots)
Stlth   ..........              (no amulet)
HPRegen 1.27/turn               b - ring of see invisible
MPRegen 0.11/turn               (no ring)

@: strong-willed, spiked, on berserk cooldown, regenerating, slowed, very slow
A: horns 2, retaliatory headbutt
a: Renounce Religion, Berserk, Trog's Hand, Brothers in Arms


You were in the Dungeon.
You worshipped Trog.
Trog was extremely pleased with you.
You visited 1 branch You collected 1448 gold pieces.
You spent 195 gold pieces at shops.

Inventory:

Hand Weapons
 a - a +2 antimagic battleaxe
 l - a +0 shortbow
 n - a +1 executioner's axe of flaming (weapon)
 p - a +2 fustibalus of flaming
Missiles
 e - 5 curare-tipped darts
 k - 43 arrows
Armour
 j - a +0 chain mail (worn)
 o - the +4 skin of Zhor {*Englaciate rC+++ SInv}
   (You found it in the Dungeon)

   It radiates cold, occasionally slowing all nearby creatures who are not
   resistant to cold.
   rC:        It renders you almost immune to cold.
   SInv:      It lets you see invisible.
Jewellery
 b - a ring of see invisible (left hand)
Scrolls
 h - 2 scrolls of blinking
 m - a scroll of identify {unknown}
Potions
 c - a potion of curing
 d - a potion of heal wounds
 f - 2 potions of magic
 g - a potion of berserk rage
 i - a potion of flight {unknown}


   Skills:
 + Level 14.7 Fighting
 * Level 18.3 Axes
 + Level 13.3 Armour
 + Level 12.2 Dodging


You had 9 spell levels left.
You didn't know any spells.
Your spell library was empty.

Dungeon Overview and Level Annotations

Branches:
Dungeon (1/1)

Altars:
Cheibriados
Dithmenos
Elyvilon
Fedhas
Gozag
Hepliaklqana
Kikubaaqudgha
Makhleb
Nemelex Xobeh
Okawaru
Qazlal
Ru
Sif Muna
Trog
Uskayaw
Vehumet
Wu Jian
Xom
Yredelemnul
Zin
The Shining One
Jiyva
Lugonu

Shops:
D (=[


Innate Abilities, Weirdness & Mutations

You have a pair of horns on your head.
You reflexively headbutt those who attack you in melee.


Message History

The red devil hits you from afar with a +0 trident.
Barbed spikes become lodged in your body.
You closely miss the sixfirhy. Your headbutt misses the sixfirhy.
The sixfirhy is moderately wounded.
The sixfirhy barely misses you. The sixfirhy completely misses you.
The sixfirhy hits you but does no damage.
The sixfirhy misses you. The red devil barely misses you.
The sixfirhy hits you. The sixfirhy shocks you!
The red devil hits you but does no damage.
The sixfirhy completely misses you.
Your deep troll goes berserk!
The sixfirhy hits you. The sixfirhy shocks you! The sixfirhy hits you.
The sixfirhy shocks you!
The kobold demonologist gestures wildly while chanting.
The kobold demonologist casts a spell.
The red devil hits you from afar with a +0 trident.
* * * LOW HITPOINT WARNING * * *
Barbed spikes become lodged in your body.
You miss the sixfirhy. Your headbutt misses the sixfirhy.
The sixfirhy is lightly wounded.
The kobold demonologist casts a spell.
The red devil misses you.
The kobold demonologist casts a spell.
Your deep troll closely misses the sixfirhy.
Your deep troll claws the sixfirhy.
Your deep troll completely misses the sixfirhy.
The red devil hits you from afar with a +0 trident.
* * * LOW HITPOINT WARNING * * *
Barbed spikes become lodged in your body.
You hit the sixfirhy but do no damage.
The sixfirhy is lightly wounded.
The sixfirhy hits you but does no damage.
The sixfirhy hits you.
* * * LOW HITPOINT WARNING * * *
The sixfirhy shocks you!
* * * LOW HITPOINT WARNING * * *
The sixfirhy closely misses you. The sixfirhy hits you.
* * * LOW HITPOINT WARNING * * *
The sixfirhy shocks you!
You die...

######################
..)..#.)'..#__#.@34K4#
÷.#..'..#.['..'.T#K55#
####'#####'#__#### 55+
###..#...#.####..#####
__####..##[#≈≈§.§#..#
_____##'#_.'§≈≈.§'..#
_.∩...'..._#§≈≈§.#..#
_..__##_.#'##'#####'###
_____###'#.#..).###.'.#


You could see 2 kobold demonologists, a sixfirhy (summoned, ally target), a
chaos spawn (summoned), a red devil (summoned), 2 quasits, a white imp
(summoned), a shadow imp (summoned) and a friendly deep troll (summoned,
berserk).

Vanquished Creatures
  2 centaur warriors (D)
  Sonja (D)
  A deep troll (D)
  An oklob plant (D)
  2 unseen horrors (D)
  A hornet (D)
  A slime creature (D)
  Sigmund (D)
  2 redbacks (D)
  A yak (D)
  2 floating eyes (D)
  7 necrophages (D)
  An ogre (D)
  8 jellies (D)
  Ijyb (D)
32 creatures vanquished.

Notes
Turn   | Place    | Note
-------+----------+-------------------------------------------
     0 | D        | Turgor the Minotaur Berserker began the quest for the Orb.
     0 | D        | Reached XP level 1. HP: 19/19 MP: 0/0
     1 | D        | Noticed Ijyb
     5 | D        | Killed Ijyb
     6 | D        | Reached skill level 5 in Fighting
     6 | D        | Reached skill level 5 in Axes
     6 | D        | Reached XP level 2. HP: 29/29 MP: 1/1
    40 | D        | Noticed an ogre
    45 | D        | Killed an ogre
    46 | D        | Reached skill level 7 in Axes
    46 | D        | Reached skill level 5 in Armour
    46 | D        | Reached XP level 3. HP: 39/39 MP: 2/2
    46 | D        | Reached XP level 4. HP: 47/47 MP: 3/3
    87 | D        | Noticed Sigmund
    93 | D        | Killed Sigmund
    93 | D        | Reached ** piety under Trog
    94 | D        | Reached skill level 9 in Axes
    94 | D        | Reached skill level 5 in Dodging
    94 | D        | Reached XP level 5. HP: 57/57 MP: 4/4
   152 | D        | Found an ornate altar of the Wu Jian Council.
   152 | D        | Found a shimmering blue altar of Sif Muna.
   154 | D        | Found a radiant altar of Vehumet.
   159 | D        | Reached XP level 6. HP: 64/64 MP: 5/5
   201 | D        | Found Dateimor's Jewellery Emporium.
   201 | D        | Found an ancient bone altar of Kikubaaqudgha.
   201 | D        | Found a hazy altar of Hepliaklqana.
   201 | D        | Found a stormy altar of Qazlal.
   201 | D        | Found a hide-covered altar of Uskayaw.
   201 | D        | Found a blossoming altar of Fedhas.
   201 | D        | Found a bloodstained altar of Trog.
   201 | D        | Found an iron altar of Okawaru.
   201 | D        | Found a basalt altar of Yredelemnul.
   201 | D        | Found a glowing golden altar of the Shining One.
   201 | D        | Found a snail-covered altar of Cheibriados.
   201 | D        | Found a sacrificial altar of Ru.
   201 | D        | Found a glowing silver altar of Zin.
   201 | D        | Found a shadowy altar of Dithmenos.
   201 | D        | Found a white marble altar of Elyvilon.
   201 | D        | Noticed a yak
   205 | D        | Killed a yak
   206 | D        | Reached skill level 10 in Fighting
   206 | D        | Reached skill level 10 in Axes
   206 | D        | Found an opulent altar of Gozag.
   207 | D        | Found a sparkling altar of Nemelex Xobeh.
   211 | D        | Bought a ring of see invisible for 195 gold pieces
   240 | D        | Found a burning altar of Makhleb.
   240 | D        | Found a viscous altar of Jiyva.
   240 | D        | Found a shimmering altar of Xom.
   240 | D        | Found a corrupted altar of Lugonu.
   240 | D        | Noticed a slime creature
   254 | D        | Killed a slime creature
   255 | D        | Reached skill level 11 in Axes
   255 | D        | Reached XP level 7. HP: 73/73 MP: 6/6
   287 | D        | Noticed a centaur warrior
   300 | D        | Noticed a centaur warrior
   310 | D        | Killed a centaur warrior
   311 | D        | Reached skill level 13 in Axes
   311 | D        | Reached XP level 8. HP: 55/83 MP: 7/7
   313 | D        | Killed a centaur warrior
   313 | D        | Reached *** piety under Trog
   314 | D        | Reached skill level 14 in Axes
   314 | D        | Reached skill level 10 in Armour
   491 | D        | Noticed a deep troll
   496 | D        | Killed a deep troll
   497 | D        | Reached skill level 15 in Axes
   497 | D        | Reached skill level 10 in Dodging
   497 | D        | Reached XP level 9. HP: 92/92 MP: 8/8
   508 | D        | Found Duahaap's Armour Emporium.
   553 | D        | Noticed Sonja
   575 | D        | Killed Sonja
   576 | D        | Reached skill level 16 in Axes
   596 | D        | Found Baherhiw's Antique Weapon Boutique.
   667 | D        | Noticed an oklob plant
   674 | D        | Killed an oklob plant
   674 | D        | Reached **** piety under Trog
   680 | D        | Reached skill level 17 in Axes
   855 | D        | Noticed an unseen horror
   855 | D        | Noticed an unseen horror
   860 | D        | Killed an unseen horror
   861 | D        | Reached XP level 10. HP: 103/103 MP: 9/9
   924 | D        | Reached ***** piety under Trog
   930 | D        | Received a gift from Trog
  1010 | D        | Reached skill level 18 in Axes
  1041 | D        | Found the +4 skin of Zhor {*Englaciate rC+++ SInv}
  1046 | D        | Received a gift from Trog
  1128 | D        | Noticed a sixfirhy
  1139 | D        | Slain by a sixfirhy

Illustrated notes

Levels and vault maps discovered:
D:        dungeon_sprint_1 [red_sonja_temple_1, red_sonja_temple_small_1]

Skill      XL: |  1  2  3  4  5  6  7  8  9 10 |
---------------+-------------------------------+-----
Fighting       | 5 7 9 10 11 12 14 | 14.7
Axes           | 5 7 9 11 13 15 17 18 | 18.3
Armour         | 3 5 6 8 9 11 12 13 | 13.3
Dodging        | 3 4 5 6 7 8 10 11 12 | 12.2

Action                   |  1- 3 |  4- 6 |  7- 9 | 10-12 || total
-------------------------+-------+-------+-------+-------++-------
Melee: Hand axe          |     6 |    13 |    42 |    14 ||    75
       Headbutt          |     2 |     3 |     9 |    10 ||    24
       Executioner's axe |       |       |       |    33 ||    33
Invok: Berserk           |     2 |     4 |     6 |     1 ||    13
       Trog's Hand       |       |       |     3 |     1 ||     4
       Brothers in Arms  |       |       |       |     2 ||     2
  Use: Potion            |       |       |     1 |       ||     1
Armor: Chain mail        |       |     1 |    26 |    11 ||    38
Dodge: Dodged            |     3 |     2 |    28 |    26 ||    59

Table legend: (Time is in decaauts)
 A = Elapsed time spent in this place.
 B = Non-inter-level travel time spent in this place.
 C = Inter-level travel time spent in this place.
 D = Time resting spent in this place.
 E = Time spent auto-exploring this place.
 F = Levels seen in this place.
 G = Mean time per level.
                   A        B        C        D        E       F      G
               +--------+--------+--------+--------+--------+-----+--------+
         Total |   1226 |   1226 |      0 |    637 |      0 |   1 | 1226.0 |
       Dungeon |   1226 |   1226 |      0 |    637 |      0 |   1 | 1226.0 |
               +--------+--------+--------+--------+--------+-----+--------+

Top non-repeatable levels by time:
       D: 1226 daAuts
